 Dungeon Crawl Stone Soup version 0.18.1-48-g4cf74bf (webtiles) character file.

345 Kisielow the Conjurer (level 6, 0/32 HPs)
             Began as a Deep Elf Conjurer on June 27, 2016.
             Slain by Pikel
             ... wielding a +2 whip of flaming
              (2 damage)
             ... on level 5 of the Dungeon.
             The game lasted 00:12:04 (4049 turns).

Kisielow the Conjurer (Deep Elf Conjurer)           Turns: 4049, Time: 00:12:05

Health: 0/32       AC:  6    Str:  8    XL:     6   Next: 32%
Magic:  1/12       EV: 13    Int: 24    God:
Gold:   278        SH:  0    Dex: 19    Spells: 3 memorised, 3 levels left

rFire  + . .     SeeInvis .     t - +12 quarterstaff of the Heavens {venom, +Fly Dex+4}
rCold  . . .     Gourm    .     a - +1 robe
rNeg   . . .     Faith    .     (shield currently unavailable)
rPois  .         Spirit   .     (no helmet)
rElec  .         Dismiss  .     (no cloak)
rCorr  .         Reflect  .     i - +2 pair of gloves {Str+3}
SustAt +         Harm     .     (no boots)
MR     .....                    g - amulet of magic regeneration
Stlth  ++........               (no ring)
                                l - ring of sustain attributes

@: not resistant to hostile enchantments, unstealthy
A: hooves 1, clever 1, fire resistance 1
a: Evoke Flight


You were on level 5 of the Dungeon.
You were hungry.

You visited 1 branch of the dungeon, and saw 5 of its levels.

You collected 278 gold pieces.

Inventory:

Hand Weapons
 t - the +12 quarterstaff of the Heavens (weapon) {venom, +Fly Dex+4}
   (You found it on level 4 of the Dungeon)

   It poisons the flesh of those it strikes.
   It affects your dexterity (+4).
   It lets you fly.
Armour
 a - a +1 robe (worn)
 i - a +2 pair of gloves of strength (worn)
Jewellery
 g - an amulet of magic regeneration (around neck)
 l - a ring of sustain attributes (left hand)
Scrolls
 e - 2 scrolls of remove curse
 m - 3 scrolls of recharging
 s - a scroll of enchant weapon
 u - a scroll of enchant armour
Potions
 h - a potion of flight
 k - 3 potions of lignification
 n - a potion of ambrosia {unknown}
 o - a potion of cure mutation {unknown}
 p - a potion of agility {unknown}
 v - a potion of resistance {unknown}
 z - a potion of brilliance
Books
 b - a book of Conjurations

   Spells                             Type                      Level
   a - Magic Dart                     Conjuration                  1
   b - Searing Ray                    Conjuration                  2
   c - Dazzling Spray                 Conjuration/Hexes            3
   d - Fulminant Prism                Conjuration/Hexes            4
   e - Iskenderun's Mystic Blast      Conjuration                  4
   f - Iskenderun's Battlesphere      Conjuration/Charms           5
Comestibles
 c - 2 bread rations
 d - 2 meat rations
 f - 5 fruits
 j - a slice of pizza
 q - 2 chunks of flesh
 r - a royal jelly


   Skills:
 - Level 2.4 Dodging
 - Level 2.4 Stealth
 - Level 3.0 Spellcasting
 - Level 7.0 Conjurations
 * Level 5.9 Charms


You had 3 spell levels left.
You knew the following spells:

 Your Spells              Type           Power        Failure   Level  Hunger
a - Magic Dart            Conj           ####         1%          1    None
b - Searing Ray           Conj           #####.       1%          2    ##.....
q - Iskenderun's Battles  Conj/Chrm      ####....     24%         5    ######.


Dungeon Overview and Level Annotations

Branches:
Dungeon (5/15)
 Temple: D:4-7

Altars:
Dithmenos
Xom

Shops:
D:4 [

Annotations:
D:5 Pikel


Innate Abilities, Weirdness & Mutations

You have large cloven feet.
Your mind is acute. (Int +2)
Your flesh is heat resistant.


Message History

Aiming: Magic Dart
Press: ? - help, Shift-Dir - straight line, f/p - Pikel
Aim: Pikel, wielding a whip of flaming, wearing a robe and carrying a wand of disintegration {zapped: 1} (severely wounded)
The magic dart hits Pikel.
Pikel is severely wounded.
Pikel hits you but does no damage.
Casting: Magic Dart
Confirm with . or Enter, or press ? or * to list all spells.
Aiming: Magic Dart
Press: ? - help, Shift-Dir - straight line, f/p - Pikel
Aim: Pikel, wielding a whip of flaming, wearing a robe and carrying a wand of disintegration {zapped: 1} (severely wounded)
The magic dart hits Pikel.
Pikel is severely wounded.
Pikel hits you with a whip of flaming. Pikel burns you.
You closely miss Pikel.
Pikel is severely wounded.
Pikel barely misses you. Pikel hits you with a whip of flaming!
* * * LOW HITPOINT WARNING * * *
Pikel burns you.
You die... #.# ### #.# ... ..# #pl

#.# # #p# # #..
#..######p# .##
#.# ........K#
#.# #.#
.......@.#
#.####.##
.#######.##
##.##.....
##.##
##.###.###.
##.###.#....#
#.
##.[.##.##.###.
#.####.##.....
#.# #.####.##
#.# #.# #.##
#.. #.# ##...


You could see Pikel, 3 slaves and a giant gecko.

Vanquished Creatures
  A crimson imp (D:3)
  A hound (D:4)
  An orc wizard (D:5)
  3 worker ants (D:4)
  4 gnolls (D:3)
  4 adders
  An ooze (D:1)
  An adder zombie (D:4)
  An adder skeleton (D:5)
  A worm (D:3)
  3 dart slugs
  2 giant geckos (D:2)
  3 orcs
  A ball python (D:1)
  5 bats
  5 giant cockroaches
  11 goblins
  5 hobgoblins
  6 jackals
  13 kobolds
  4 quokkas
  3 giant newts
  9 rats
88 creatures vanquished.

Vanquished Creatures (others)
  An ogre (D:4)
  A scorpion (D:4)
  A jackal skeleton (D:4)
3 creatures vanquished.

Grand Total: 91 creatures vanquished

Notes
Turn   | Place    | Note
--------------------------------------------------------------
     0 | D:1      | Kisielow the Deep Elf Conjurer began the quest for the Orb.
     0 | D:1      | Reached XP level 1. HP: 10/10 MP: 6/6
   181 | D:1      | Reached XP level 2. HP: 15/15 MP: 5/8
   185 | D:1      | Learned a level 2 spell: Searing Ray
   203 | D:1      | Reached skill level 5 in Conjurations
   619 | D:1      | Reached XP level 3. HP: 15/19 MP: 2/9
  1404 | D:2      | Reached skill level 6 in Conjurations
  1671 | D:2      | Gained mutation: Your mind is acute. (Int +2) [potion of mutation]
  1671 | D:2      | Gained mutation: Your flesh is heat resistant. [potion of mutation]
  1671 | D:2      | Gained mutation: You have large cloven feet. [potion of mutation]
  1696 | D:2      | Reached XP level 4. HP: 24/24 MP: 3/10
  1924 | D:2      | Found a shadowy altar of Dithmenos.
  2346 | D:3      | Reached skill level 7 in Conjurations
  2346 | D:3      | Reached XP level 5. HP: 22/28 MP: 2/11
  2426 | D:3      | Learned a level 5 spell: Iskenderun's Battlesphere
  2446 | D:3      | Reached skill level 1 in Charms
  3104 | D:4      | Killed an ogre
  3109 | D:4      | Found a shimmering altar of Xom.
  3154 | D:4      | Found Niahaon's Armour Shoppe.
  3363 | D:4      | Got a transparent quarterstaff
  3364 | D:4      | Identified the +12 quarterstaff of the Heavens {venom, +Fly Dex+4} (You found it on level 4 of the Dungeon)
  3415 | D:4      | Reached XP level 6. HP: 21/32 MP: 12/12
  3648 | D:4      | Reached skill level 5 in Charms
  3917 | D:5      | Entered Level 5 of the Dungeon
  4038 | D:5      | Noticed Pikel
  4038 | D:5      | Noticed a slave
  4038 | D:5      | Noticed a slave
  4042 | D:5      | Noticed a slave
  4042 | D:5      | Noticed a slave
  4049 | D:5      | Slain by Pikel

Skill      XL: |  1  2  3  4  5  6 |
---------------+-------------------+-----
Conjurations   | 5 6 7 |  7.0
Charms         | 4 5 |  5.9
Dodging        | |  2.4
Stealth        | |  2.4
Spellcasting   | |  3.0

Action                   |  1- 3 |  4- 6 || total
-------------------------+-------+-------++-------
Melee: Unarmed           |    14 |     1 ||    15
       Quarterstaff      |       |    12 ||    12
       Kick              |       |     2 ||     2
 Cast: Magic Dart        |    84 |   100 ||   184
       Searing Ray       |       |     2 ||     2
       Iskenderun's Batt |       |     1 ||     1
  Use: Scroll            |     7 |     6 ||    13
       Potion            |     1 |       ||     1
 Stab: Sleeping          |       |     1 ||     1
  Eat: Chunk             |     2 |     7 ||     9
Armor: Robe              |     7 |     8 ||    15
Dodge: Dodged            |    31 |    17 ||    48
